 Dungeon Crawl Stone Soup version 0.27.1-1-g398f81649c (webtiles) character file.

Game seed: 14640609112649546685

184317 alphawulf the Warrior (level 17, -1/168 HPs)
             Began as a Minotaur Fighter on Sept 13, 2021.
             Was a High Priest of Okawaru.
             Splashed by an acid blob's acid (6 damage)
             ... on level 1 of the Pits of Slime on Sept 14, 2021.
             The game lasted 02:12:00 (38872 turns).

alphawulf the Warrior (Minotaur Fighter)           Turns: 38872, Time: 02:12:01

Health: -1/168     AC: 20    Str: 31      XL:     17   Next: 39%
Magic:  18/18      EV: 18    Int:  7      God:    Okawaru [*****.]
Gold:   1216       SH: 31    Dex: 15 (16) Spells: 16/16 levels left

rFire    . . .     SeeInvis +   a - +7 falchion "Hurphuhi" {vorpal, +Blink rC- rN++ Will+}
rCold    x . .     Faith    .   S - +0 tower shield
rNeg     + + +     Spirit   .   O - +2 acid dragon scales
rPois    +         Reflect  +   R - +1 hat {SInv}
rElec    +         Harm     .   f - +1 cloak
rCorr    +         Rampage  .   P - +0 pair of gloves of Cuegh {rC- Will+++ Str-4 SInv}
Will     +++++                  Q - +0 pair of boots
Stlth    ++........             v - amulet "Biloap" {Reflect Str+5 SH+5}
HPRegen  0.00/turn              m - ring "Atodgh" {rElec rN+ AC+4 Dex+4 Stlth-}
MPRegen  0.16/turn              I - ring of Liberty {rPois Str+6 Slay+2}

@: heroic, corroded, unable to read, inhibited regen
A: horns 2, retaliatory headbutt, claws 1, cold resistance 1, deterioration 1,
strong-willed 1, inhibited regeneration, inability to read while threatened
}: 1/15 runes: serpentine
a: Renounce Religion, Evoke Blink, Heroism, Finesse


You were on level 1 of the Pits of Slime.
You worshipped Okawaru.
Okawaru was extremely pleased with you.
You visited 6 branches of the dungeon, and saw 27 of its levels.

You collected 2949 gold pieces.
You spent 1733 gold pieces at shops.

Inventory:

Hand Weapons
 a - the +7 falchion "Hurphuhi" (weapon) {vorpal, +Blink rC- rN++ Will+}
   (You found it on level 4 of the Dungeon)

   It inflicts extra damage upon your enemies.
   rC:        It makes you vulnerable to cold.
   rN:        It greatly protects you from negative energy.
   +Blink:    It lets you blink.
   Will:      It increases your willpower.
 b - a +4 hunting sling of freezing
Missiles
 j - 245 sling bullets
 r - 4 throwing nets (quivered)
Armour
 c - a +0 kite shield
 f - a +1 cloak (worn)
 L - a +0 crystal plate armour
 O - +2 acid dragon scales (worn)
 P - the +0 pair of gloves of Cuegh (worn) {rC- Will+++ Str-4 SInv}
   (Okawaru gifted it to you on level 4 of the Snake Pit)

   Str:       It affects your strength (-4).
   rC:        It makes you vulnerable to cold.
   SInv:      It lets you see invisible.
   Will:      It greatly increases your willpower.
 Q - a +0 pair of boots (worn)
 R - a +1 hat of see invisible (worn)
 S - a +0 tower shield (worn)
Jewellery
 m - the ring "Atodgh" (left hand) {rElec rN+ AC+4 Dex+4 Stlth-}
   (You found it on level 4 of the Snake Pit)

   [ring of protection]

   AC:        It affects your AC (+4).
   Dex:       It affects your dexterity (+4).
   rElec:     It insulates you from electricity.
   rN:        It protects you from negative energy.
   Stlth:     It makes you less stealthy.
 v - the amulet "Biloap" (around neck) {Reflect Str+5 SH+5}
   (You found it on level 10 of the Dungeon)

   [amulet of reflection]

   It reflects blocked missile attacks.
   Str:       It affects your strength (+5).
   SH:        It affects your SH (+5).
 y - a ring of resist corrosion
 A - a ring of protection from cold
 B - the ring "Axtiass" {rElec EV+4 Str+4 Int-2 Dex+2}
   (You took it off a salamander on level 2 of the Snake Pit)

   [ring of evasion]

   EV:        It affects your evasion (+4).
   Str:       It affects your strength (+4).
   Int:       It affects your intelligence (-2).
   Dex:       It affects your dexterity (+2).
   rElec:     It insulates you from electricity.
 D - a ring of positive energy
 H - a ring of positive energy
 I - the ring of Liberty (right hand) {rPois Str+6 Slay+2}
   (You bought it in a shop on level 3 of the Snake Pit)

   [ring of strength]

   Str:       It affects your strength (+6).
   Slay:      It affects your accuracy & damage with ranged weapons and melee
   (+2).
   rPois:     It protects you from poison.
Wands
 l - a wand of iceblast (15)
 n - a wand of polymorph (25)
 o - a wand of flame (82)
 t - a wand of paralysis (12)
 z - a wand of acid (22)
 G - a wand of charming (17)
Scrolls
 e - a scroll of identify
 h - 5 scrolls of magic mapping
 k - a scroll of amnesia
 p - 2 scrolls of teleportation
 u - a scroll of holy word
 M - a scroll of fog
Potions
 d - a potion of might
 g - 6 potions of curing
 i - 8 potions of lignification
 q - 2 potions of brilliance
 s - a potion of berserk rage
 w - 2 potions of ambrosia
 x - a potion of magic {unknown}
 C - 2 potions of resistance
 E - 7 potions of cancellation
 F - 3 potions of mutation
 K - 3 potions of haste
 V - a potion of flight
Miscellaneous
 J - a box of beasts
 N - a lightning rod (4/4)
 T - a phantom mirror
 U - a tin of tremorstones (2/2)


   Skills:
 * Level 19.2(24.2) Fighting
 + Level 15.1(20.1) Long Blades
 + Level 12.1(17.1) Slings
 + Level 13.9(18.9) Armour
 + Level 8.9(13.9) Dodging
 + Level 18.0(23.0) Shields
 + Level 3.9 Invocations
 + Level 0.9 Evocations


You had 16 spell levels left.
You didn't know any spells.
Your spell library contained the following spells:

 Spells                   Type           Power      Damage    Failure   Level
 Apportation              Tloc           0%         N/A       54%         1
 Beastly Appendage        Tmut           0%         N/A       54%         1
 Sting                    Tmut/Pois      0%         1d3       54%         1
 Blink                    Tloc           N/A        N/A       69%         2
 Slow                     Hex            0%         N/A       69%         2
 Sublimation of Blood     Necr           0%         N/A       69%         2
 Wereblood                Tmut           0%         N/A       69%         2
 Confusing Touch          Hex            0%         N/A       89%         3
 Frozen Ramparts          Ice            0%         1d2       89%         3
 Gell's Gravitas          Tloc           0%         N/A       89%         3
 Portal Projectile        Hex/Tloc       0%         N/A       89%         3
 Spider Form              Tmut/Pois      0%         N/A       89%         3
 Summon Guardian Golem    Hex/Summ       0%         N/A       89%         3
 Teleport Other           Tloc           0%         N/A       89%         3
 Vampiric Draining        Necr           0%         2d6       89%         3
 Ice Form                 Ice/Tmut       0%         N/A       100%        4
 Summon Ice Beast         Ice/Summ       0%         N/A       100%        4
 Alistair's Intoxication  Tmut/Pois      0%         N/A       100%        5
 Blade Hands              Tmut           0%         N/A       100%        5
 Excruciating Wounds      Necr           0%         N/A       100%        5
 Manifold Assault         Tloc           0%         N/A       100%        5
 Summon Mana Viper        Hex/Summ       0%         N/A       100%        5
 Dispersal                Tloc           0%         N/A       100%        6
 Invisibility             Hex            0%         N/A       100%        6
 Monstrous Menagerie      Summ           0%         N/A       100%        7
 Orb of Destruction       Conj           0%         N/A       100%        7
 Spellforged Servitor     Conj/Summ      0%         N/A       100%        7
 Storm Form               Tmut/Air       0%         N/A       100%        7
 Summon Hydra             Summ           0%         N/A       100%        7


Dungeon Overview and Level Annotations

Branches:
Dungeon (13/15)            Temple (1/1) D:4            Lair (6/6) D:11
 Shoals (0/4) Lair:4        Snake (4/4) Lair:3        Slime (1/5) Lair:6
    Orc (2/2) D:12            Elf (0/3) Orc:2
 Vaults: D:13-14

Altars:
Ashenzari
Cheibriados
Dithmenos
Elyvilon
Fedhas
Gozag
Hepliaklqana
Kikubaaqudgha
Makhleb
Nemelex Xobeh
Okawaru
Qazlal
Ru
Sif Muna
Trog
Uskayaw
Vehumet
Wu Jian
Xom
Yredelemnul
Zin
The Shining One
Jiyva

Shops:
D:12 (   Orc:2 *(*=   Snake:1 !   Snake:3 ==:

Portals:
Trove: D:11 (give +3 shadow dragon scales)

Annotations:
D:6 2 transporters, judgestillwater's ghost, novice MiBe
D:9 exclusion: oklob sapling
Lair:4 3 runed translucent doors, Raakin's ghost, journeyman TrMo


Innate Abilities, Weirdness & Mutations

You have a pair of horns on your head.
You reflexively headbutt those who attack you in melee.
You have sharp fingernails.
Your flesh is cold resistant. (rC+)
Your body sometimes deteriorates upon taking damage.
You are strong-willed. (Will+)
You do not regenerate when monsters are visible.
You sometimes lose the ability to read scrolls when taking damage.


Message History

You fail to use your ability.
You are splashed with acid.
You resist.
* * * LOW HITPOINT WARNING * * *
You block the acid blob's attack. The rockslime closely misses you.
You block the rockslime's attack. You block the acid blob's attack.
You are splashed with acid.
You resist.
* * * LOW HITPOINT WARNING * * *
The rockslime misses you. You furiously retaliate!
You headbutt the rockslime, but do no damage.
You riposte.
You barely miss the rockslime.
You headbutt the rockslime, but do no damage.
You block the rockslime's attack.
The rockslime hits you but does no damage.
You block the rockslime's attack.
You cannot read scrolls in your current state!
The rockslime jiggles.
You block the rockslime's attack.
The rockslime hits you but does no damage.
The jelly jiggles.
You block the rockslime's attack.
You can read scrolls again.
You block the rockslime's attack.
A great orb of eyes comes into view.
A slime creature comes into view.
A jelly comes into view.
You block the rockslime's attack.
The slime creature quivers.
The rockslime hits you!!
You feel threatened and lose the ability to read scrolls!
* * * LOW HITPOINT WARNING * * *
You stumble backwards!
The great orb of eyes pulsates ominously.
You block the rockslime's attack. You block the jelly's attack.
The acid blob hits you.
* * * LOW HITPOINT WARNING * * *
You are splashed with acid.
You resist.
* * * LOW HITPOINT WARNING * * *
The acid blob spits acid at you. The splash of acid hits you. You resist.
* * * LOW HITPOINT WARNING * * *
You are splashed with acid.
You resist.
You die...

### #...#.....#..#.............
#...###..##.......#.............
................................
#.........#.....................
##.....#.....J.J.J........#......
#.....#...<..GJ.JJJ........##...
...............J.J........## ...
...............JJJJ.......# ..
....#........J..@.....#..##
#.......................##
............#....#.......#
##.((......##....#........
JJ(....#..#............#.##
J#.....................# #
##....#.....#.....#.....
#......#.#.......####...
##.....#.#......##


You could see 2 acid blobs, an azure jelly, a great orb of eyes, 3 slime
creatures, 4 rockslimes and 4 jellies.

Vanquished Creatures
  Vashnia (Snake:3)
  Nikola (Snake:1)
  2 acid blobs
  Asterion (Snake:1)
  Kirke (D:13)
  Agnes (Snake:2)
  10 nagarajas (Snake:4)
  Aizul (Snake:1)
  An orc warlord (Orc:1)
  Azrael (Snake:1)
  Nessos (Lair:6)
  3 dire elephants (Lair:6)
  Josephine (Snake:1)
  An ettin (Orc:1)
  A vault guard (D:11)
  Harold (D:8)
  9 naga warriors
  2 boulder beetles
  A salamander tyrant (Snake:1)
  6 hydras
  A catoblepas (D:13)
  11 anacondas
  2 two-headed ogres
  A centaur warrior (D:13)
  An orc high priest (Orc:2)
  11 death yaks
  4 shock serpents
  8 naga sharpshooters
  A spectral dire elephant (Lair:6)
  3 salamander mystics
  A spectral death yak (Lair:6)
  A spectral anaconda (Lair:6)
  7 sea snakes
  3 naga ritualists
  A lindwurm (Lair:6)
  2 phantasmal warriors (D:13)
  An obsidian statue (Lair:6)
  3 necromancers (Lair:6)
  12 mana vipers
  An orc knight (Orc:1)
  5 orc sorcerers
  3 shining eyes (Slime:1)
  A cyclops (Orc:1)
  23 elephants
  16 salamanders
  5 guardian serpents
  31 black mambas
  An eye of devastation (Slime:1)
  Maurice (D:11)
  19 naga magi
  A torpor snail (Lair:6)
  A cane toad (shapeshifter) (D:11)
  An unseen horror (D:11)
  A gargoyle (D:12)
  6 cane toads
  5 rime drakes
  16 komodo dragons
  Maggie (D:8)
  A polar bear (Lair:1)
  6 trolls
  Grinder (D:3)
  A spectral elephant (Lair:6)
  26 slime creatures
  24 blink frogs
  2 wyverns
  Sigmund (D:4)
  53 yaks
  A shadow (D:12)
  A hog (D:13)
  5 wraiths
  Eustachio (D:5)
  Grum (D:8)
  3 fire elementals (Snake:1)
  5 basilisks
  2 death yak simulacra (Lair:6)
  2 wargs (Orc:2)
  8 vampire mosquitoes
  Edmund (D:3)
  17 water moccasins
  21 nagas
  A spectral cane toad (Lair:6)
  3 acid dragons
  4 hell hounds (Snake:1)
  A hornet zombie (D:6)
  21 orc warriors
  2 ice beasts
  A black bear (Lair:2)
  9 wolves
  A boggart (D:13)
  2 elephant zombies (Lair:6)
  3 necrophages
  11 centaurs
  9 ogres
  2 phantoms
  An elephant skeleton (Lair:6)
  2 kobold brigands
  4 bullfrogs
  Blork the orc (D:4)
  6 scorpions
  2 gnoll sergeants
  A cane toad simulacrum (Lair:6)
  A water moccasin zombie (D:5)
  A wyvern zombie (D:7)
  A wyvern skeleton (D:6)
  An elephant simulacrum (Lair:6)
  A water moccasin skeleton (D:6)
  5 killer bees (D:11)
  5 wights (D:7)
  4 electric eels
  3 howler monkeys
  4 centaur zombies
  2 hounds
  Crazy Yiuf (D:3)
  17 orc priests
  A gnoll shaman (D:4)
  3 jellies
  3 bullfrog skeletons
  An iron imp (D:8)
  A scorpion zombie (D:5)
  Ijyb (D:3)
  5 iguanas
  33 orc wizards
  A killer bee zombie (D:6)
  A hound skeleton (D:4)
  Robin (D:3)
  2 howler monkey zombies
  14 gnolls
  10 adders
  2 shadow imps
  3 white imps
  An ufetubus (D:6)
  A worm (D:2)
  5 dart slugs
  54 orcs
  15 ball pythons
  5 bats
  12 endoplasms
  4 giant cockroaches
  12 goblins
  10 hobgoblins
  14 kobolds
  4 quokkas
  7 rats
800 creatures vanquished.

Vanquished Creatures (others)
  A black mamba (Snake:1)
  2 humans (D:13)
  A howler monkey (D:13)
  31 fungi
  49 plants
  27 withered plants (Lair:6)
111 creatures vanquished.

Grand Total: 911 creatures vanquished

Notes
Turn   | Place    | Note
-------+----------+-------------------------------------------
     0 | D:1      | alphawulf the Minotaur Fighter began the quest for the Orb.
     0 | D:1      | Reached XP level 1. HP: 19/19 MP: 0/0
   169 | D:1      | Reached XP level 2. HP: 16/27 MP: 1/1
   307 | D:1      | Reached skill level 4 in Fighting
   827 | D:1      | Reached XP level 3. HP: 34/34 MP: 2/2
  1025 | D:2      | Found a snail-covered altar of Cheibriados.
  1473 | D:2      | Reached XP level 4. HP: 35/41 MP: 3/3
  1860 | D:2      | Found a faded altar of an unknown god.
  2232 | D:3      | Noticed Grinder
  2240 | D:3      | Killed Grinder
  2241 | D:3      | Reached skill level 5 in Fighting
  2241 | D:3      | Reached skill level 5 in Armour
  2241 | D:3      | Reached skill level 1 in Dodging
  2241 | D:3      | Reached XP level 5. HP: 47/48 MP: 4/4
  2241 | D:3      | Reached XP level 6. HP: 54/56 MP: 5/5
  2275 | D:3      | Found a runed translucent door.
  2276 | D:3      | Noticed Crazy Yiuf
  2280 | D:3      | Killed Crazy Yiuf
  2335 | D:3      | Noticed Robin
  2386 | D:3      | Killed Robin
  3030 | D:4      | Reached skill level 5 in Long Blades
  3062 | D:4      | Found a staircase to the Ecumenical Temple.
  3068 | Temple   | Entered the Ecumenical Temple
  3082 | Temple   | Became a worshipper of Warmaster Okawaru
  3092 | D:4      | Noticed Edmund
  3102 | D:4      | Reached skill level 5 in Shields
  3102 | D:4      | Reached XP level 7. HP: 59/62 MP: 6/6
  3118 | D:4      | Noticed Ijyb
  3169 | D:3      | Killed Edmund
  3397 | D:3      | Killed Ijyb
  3461 | D:4      | Reached skill level 6 in Fighting
  3573 | D:4      | Reached * piety under Okawaru
  3960 | D:4      | Identified the +7 falchion "Hurphuhi" {vorpal, +Blink rC-
                  | rN++ Will+}
  3991 | D:5      | Entered Level 5 of the Dungeon
  4003 | D:5      | Reached XP level 8. HP: 34/71 MP: 7/7
  4211 | D:5      | Noticed Eustachio
  4223 | D:5      | Killed Eustachio
  4359 | D:5      | Noticed Blork the orc
  4361 | D:5      | Noticed Sigmund
  4389 | D:4      | Killed Blork the orc
  4390 | D:4      | Reached skill level 7 in Fighting
  4516 | D:4      | Killed Sigmund
  4516 | D:4      | Reached ** piety under Okawaru
  4742 | D:4      | Identified a scroll of acquirement
  4742 | D:4      | Acquired 871 gold pieces
  5279 | D:6      | Reached skill level 1 in Slings
  5289 | D:6      | Reached XP level 9. HP: 75/81 MP: 8/8
  5326 | D:6      | Noticed judgestillwater's ghost (novice MiBe)
  5329 | D:6      | Noticed a two-headed ogre
  5398 | D:6      | Reached skill level 8 in Fighting
  5446 | D:6      | Found a transporter.
  5487 | D:6      | Reached *** piety under Okawaru
  5786 | D:6      | Found a transporter.
  6144 | D:7      | You fall into a shaft and drop 2 floors!
  6193 | D:7      | Noticed a troll
  6212 | D:8      | Reached skill level 9 in Fighting
  6331 | D:8      | Killed a troll
  6331 | D:8      | Reached **** piety under Okawaru
  6840 | D:7      | Reached XP level 10. HP: 83/91 MP: 9/9
  7272 | D:8      | Noticed Harold
  7295 | D:8      | Killed Harold
  7318 | D:8      | Reached ***** piety under Okawaru
  7540 | D:8      | Identified the ring "Haith" {*Slow Fly rPois Int+3}
  7576 | D:8      | Reached skill level 10 in Fighting
  7604 | D:8      | Noticed Grum
  7899 | D:8      | Noticed Maggie
  7917 | D:8      | Killed Maggie
  7996 | D:8      | Reached skill level 5 in Dodging
  8437 | D:8      | Found a snail-covered altar of Cheibriados.
  8730 | D:8      | Killed Grum
  9266 | D:8      | Gained mutation: Potions are less effective at restoring
                  | your health. [potion of mutation]
  9266 | D:8      | Gained mutation: You occasionally shout uncontrollably at
                  | your foes. [potion of mutation]
  9267 | D:8      | Lost mutation: Potions are less effective at restoring your
                  | health. [potion of mutation]
  9267 | D:8      | Lost mutation: You occasionally shout uncontrollably at
                  | your foes. [potion of mutation]
  9267 | D:8      | Gained mutation: You are robust. (+10% HP) [potion of
                  | mutation]
  9267 | D:8      | Gained mutation: You have sharp fingernails. [potion of
                  | mutation]
  9454 | D:9      | Received a gift from Okawaru
  9465 | D:9      | Reached skill level 10 in Long Blades
  9558 | D:9      | Reached skill level 11 in Fighting
  9570 | D:9      | Reached XP level 11. HP: 93/112 MP: 10/10
  9678 | D:9      | Noticed a two-headed ogre
  9688 | D:9      | Killed a two-headed ogre
  9825 | D:9      | Gained mutation: Your flesh is cold resistant. (rC+)
                  | [potion of mutation]
  9825 | D:9      | Lost mutation: You are robust. (+10% HP) [potion of
                  | mutation]
  9825 | D:9      | Gained mutation: You are robust. (+10% HP) [potion of
                  | mutation]
  9825 | D:9      | Gained mutation: You are strong-willed. (Will+) [potion of
                  | mutation]
 10052 | D:9      | Reached skill level 5 in Slings
 10530 | D:9      | Found a shimmering altar of Xom.
 10535 | D:9      | Found a blossoming altar of Fedhas.
 10540 | D:9      | Found a shimmering blue altar of Sif Muna.
 10677 | D:9      | Got Mot Veg's Volume of Nature
 10832 | D:10     | Entered Level 10 of the Dungeon
 11025 | D:10     | Noticed a two-headed ogre
 11034 | D:10     | Killed a two-headed ogre
 11078 | D:10     | Identified the amulet "Biloap" {Reflect Str+5 SH+5}
 11238 | D:10     | Reached skill level 10 in Shields
 11253 | D:10     | Identified the +10 trident "Ijieguxust" {freeze, rN++ Int+5
                  | Dex-2}
 11306 | D:11     | Noticed Maurice
 11322 | D:11     | Killed Maurice
 11544 | D:11     | Found a staircase to the Lair.
 11570 | D:11     | Received a gift from Okawaru
 11571 | D:11     | Reached skill level 12 in Fighting
 11746 | Lair:1   | Entered Level 1 of the Lair of Beasts
 11748 | Lair:1   | Noticed a four-headed hydra
 11756 | Lair:1   | Killed a four-headed hydra
 12716 | Lair:2   | Reached XP level 12. HP: 108/124 MP: 11/11
 12799 | Lair:2   | Reached ****** piety under Okawaru
 12816 | Lair:2   | Identified the +9 flail "Ximoqona" {vorpal, rElec Str+7}
 13631 | Lair:3   | Identified the +7 demon trident "Ufreehamp" {freeze, rN+}
                  | (Okawaru gifted it to you on level 3 of the Lair of Beasts)
 13631 | Lair:3   | Received a gift from Okawaru
 13632 | Lair:3   | Reached skill level 13 in Fighting
 13825 | Lair:3   | Noticed a four-headed hydra
 13836 | Lair:3   | Killed a four-headed hydra
 14077 | Lair:3   | Found a staircase to the Snake Pit.
 14867 | Lair:4   | Received a gift from Okawaru
 15071 | Lair:4   | Noticed a four-headed hydra
 15077 | Lair:4   | Killed a four-headed hydra
 15086 | Lair:4   | Noticed a boulder beetle
 15086 | Lair:4   | Noticed a five-headed hydra
 15102 | Lair:4   | Killed a five-headed hydra
 15102 | Lair:4   | Received a gift from Okawaru
 15134 | Lair:4   | Killed a boulder beetle
 15135 | Lair:4   | Reached XP level 13. HP: 89/135 MP: 12/12
 15353 | Lair:4   | Found a runed translucent gate.
 15353 | Lair:4   | Found a runed translucent gate.
 15357 | Lair:4   | Found a runed translucent gate.
 15357 | Lair:4   | Noticed Raakin's ghost (journeyman TrMo)
 15546 | Lair:4   | You are sucked into a shaft and drop 1 floor!
 15939 | Lair:4   | Reached skill level 14 in Fighting
 16104 | Lair:4   | Found a staircase to the Shoals.
 16891 | Lair:5   | Received a gift from Okawaru
 17521 | Lair:6   | Entered Level 6 of the Lair of Beasts
 17941 | Lair:6   | Found a runed translucent door.
 17942 | Lair:6   | Found a viscous altar of Jiyva.
 17945 | Lair:6   | Found a staircase to the Slime Pits.
 17951 | Lair:6   | Noticed Nessos
 17964 | Lair:6   | Killed Nessos
 18462 | Lair:6   | Noticed a dire elephant
 18462 | Lair:6   | Noticed a dire elephant
 18541 | Lair:6   | Received a gift from Okawaru
 18607 | Lair:6   | Found an iron altar of Okawaru.
 18682 | Lair:6   | Reached skill level 15 in Fighting
 19480 | Lair:6   | Reached XP level 14. HP: 148/148 MP: 13/13
 19790 | Lair:6   | Received a gift from Okawaru
 20582 | Lair:6   | Received a gift from Okawaru
 21070 | Lair:6   | Reached skill level 10 in Armour
 21688 | Lair:6   | Reached skill level 16 in Fighting
 21688 | Lair:6   | Reached skill level 10 in Slings
 22137 | Slime:1  | Entered Level 1 of the Pits of Slime
 22137 | Slime:1  | Noticed an acid blob
 22157 | Lair:6   | Killed an acid blob
 22545 | Snake:1  | Entered Level 1 of the Snake Pit
 22642 | Snake:1  | Noticed Aizul
 22664 | Snake:1  | Killed Aizul
 22665 | Snake:1  | Reached skill level 1 in Invocations
 22701 | Snake:1  | Identified the +5 morningstar of Ruination {flame, rC- rN+
                  | Int+4}
 23039 | Snake:1  | Received a gift from Okawaru
 23127 | Snake:1  | Noticed Azrael
 23153 | Snake:1  | Killed Azrael
 23375 | Snake:1  | Reached XP level 15. HP: 142/159 MP: 15/15
 23562 | Snake:1  | Found Damuokhe's Distillery.
 23571 | Snake:1  | Bought a potion of curing for 42 gold pieces
 23571 | Snake:1  | Bought a potion of heal wounds for 70 gold pieces
 23571 | Snake:1  | Bought a potion of heal wounds for 70 gold pieces
 23571 | Snake:1  | Bought a potion of curing for 42 gold pieces
 23571 | Snake:1  | Bought a potion of heal wounds for 70 gold pieces
 23804 | D:11     | Found a portal to a secret trove of treasure.
 24358 | D:12     | Found a staircase to the Orcish Mines.
 24372 | Orc:1    | Entered Level 1 of the Orcish Mines
 24379 | Orc:1    | Found a burning altar of Makhleb.
 24645 | Orc:1    | Noticed an orc warlord
 24672 | Orc:1    | Killed an orc warlord
 24779 | Orc:1    | Reached skill level 17 in Fighting
 25142 | Orc:2    | Entered Level 2 of the Orcish Mines
 25540 | Orc:2    | Found Fovylizu's Assorted Antiques.
 25540 | Orc:2    | Found Liluwig's Jewellery Emporium.
 25540 | Orc:2    | Found Qeeronk's Antique Weapon Shoppe.
 25647 | Orc:2    | Found Dotsaus's Assorted Antiques.
 25799 | Orc:2    | Found a staircase to the Elven Halls.
 26603 | D:12     | Found Jott's Weapon Emporium.
 26833 | D:13     | Received a gift from Okawaru
 27100 | D:13     | Noticed Kirke
 27126 | D:13     | Killed Kirke
 27126 | D:13     | Received a gift from Okawaru
 27671 | D:13     | Reached skill level 15 in Shields
 28228 | Snake:1  | Noticed Josephine
 28236 | Snake:1  | Killed Josephine
 28236 | Snake:1  | Received a gift from Okawaru
 28321 | Snake:1  | Noticed Nikola
 28341 | Snake:1  | Killed Nikola
 29301 | Snake:1  | Noticed Asterion
 29317 | Snake:1  | Killed Asterion
 30254 | Snake:2  | Identified the ring "Axtiass" {rElec EV+4 Str+4 Int-2
                  | Dex+2}
 31554 | Snake:3  | Noticed Vashnia
 31849 | Snake:3  | Reached skill level 18 in Fighting
 31849 | Snake:3  | Reached XP level 16. HP: 163/172 MP: 16/16
 32007 | Snake:3  | Noticed Agnes
 32029 | Snake:2  | Killed Agnes
 32164 | Snake:3  | Found Bysomump's Jewellery Shoppe.
 32165 | Snake:3  | Found Yvvato's Book Shop.
 32166 | Snake:3  | Found Foriat's Jewellery Shoppe.
 32172 | Snake:3  | Bought the ring of Liberty {rPois Str+6 Slay+2} for 1327
                  | gold pieces
 32343 | Snake:3  | Received a gift from Okawaru
 32383 | Snake:3  | HP: 6/172 [salamander (10)]
 32840 | Snake:3  | Received a gift from Okawaru
 33074 | Snake:3  | Killed Vashnia
 34058 | Snake:4  | Entered Level 4 of the Snake Pit
 34230 | Snake:4  | Received a gift from Okawaru
 34678 | Snake:4  | Identified the +0 pair of gloves of Cuegh {rC- Will+++
                  | Str-4 SInv} (Okawaru gifted it to you on level 4 of the
                  | Snake Pit)
 34678 | Snake:4  | Received a gift from Okawaru
 35370 | Snake:4  | Identified the ring "Atodgh" {rElec rN+ AC+4 Dex+4 Stlth-}
 36552 | Snake:4  | Reached skill level 15 in Long Blades
 36686 | Snake:4  | Reached XP level 17. HP: 154/182 MP: 18/18
 36961 | Snake:4  | Reached skill level 19 in Fighting
 37029 | Snake:4  | Received a gift from Okawaru
 37496 | Snake:4  | Got a serpentine rune of Zot
 37991 | Slime:1  | Found a viscous altar of Jiyva.
 38088 | Slime:1  | Lost mutation: You are robust. (+10% HP) [a shining eye]
 38112 | Slime:1  | Noticed an acid blob
 38116 | Slime:1  | Gained mutation: Your body sometimes deteriorates upon
                  | taking damage. [a shining eye]
 38119 | Slime:1  | Gained mutation: You do not regenerate when monsters are
                  | visible. [a shining eye]
 38288 | Slime:1  | Killed an acid blob
 38288 | Slime:1  | Gained mutation: You sometimes lose the ability to read
                  | scrolls when taking damage. [a shining eye]
 38660 | Snake:1  | Bought a potion of mutation for 112 gold pieces
 38843 | Slime:1  | Noticed an acid blob
 38843 | Slime:1  | Noticed an acid blob
 38872 | Slime:1  | HP: 5/168 [acid blob/splash of acid (6)]
 38872 | Slime:1  | Splashed by an acid blob's acid

Illustrated notes

Levels and vault maps discovered:
D:1:      minmay_arrival_jagged, layout_loops_ring
D:2:      layout_basic, hellmonk_ecumenical_altar_pennies_from_heaven,
          basic_altar
D:3:      layout_basic, st_stairs_2, minmay_misc_feat_tiny, uniq_robin,
          uniq_grinder, uniq_crazy_yiuf_cottage
D:4:      layout_basic, minmay_temple_entry_waves, grunt_ministairs_7,
          uniq_edmund, uniq_ijyb
D:5:      layout_cave_pools, grunt_ministairs_13, uniq_sigmund,
          uniq_blork_the_orc, uniq_eustachio
D:6:      layout_rooms, gammafunk_ghost_arena, minmay_misc_feat_square
D:7:      layout_cave_pools, palyth_stone_intersect,
          corexii_item_surrounded_by_moat, nicolae_benzene_ring
D:8:      layout_basic, slow_altar_2, uniq_harold, uniq_grum, uniq_maggie
D:9:      layout_long_grid, minmay_overflow_temple_star_quad,
          introduction_to_nature_2
D:10:     layout_roguey
D:11:     layout_big_octagon, lair_entry_dummy, enter_trove_5, serial_glass,
          glass_columns_a, glass_columns_b, uniq_maurice
D:12:     layout_irregular_city, orc_0_dummy, serial_shops, kennysheep_mini_moat
D:13:     layout_roguey, serial_shops, nicolae_square_shop,
          grunt_dithmenos_smoke, uniq_kirke
Temple:   nicolae_temple_no_exploring_needed
Lair:1:   layout_chaotic_city
Lair:2:   layout_concentric_octagons, nicolae_quartered_pool_little,
          chequers_serial_rivers_small_b, minivault_19
Lair:3:   wander_river, layout_cave_pods, minmay_snake_entry_six_corridors
Lair:4:   layout_layer_cave, elwin_shoals_entry_rooms,
          ebering_ghost_rock_garden, st_stairs_13, fungi_pond_lemuel
Lair:5:   layout_layer_cave, minivault_11, infiniplex_staircase_pool_2
Lair:6:   due_jungle_book, layout_cave_pods, slime_altar_2,
          nicolae_volcano_entry_hallway, basic_altar, wad_woods_river_03,
          grunt_megastairs_5, uniq_nessos
Snake:1:  layout_honeycomb, serial_shops, nicolae_lakefront_shop,
          grunt_ministairs_7, grunt_megastairs_2, uniq_josephine, uniq_nikola,
          uniq_aizul, uniq_azrael, uniq_asterion
Snake:2:  layout_chambers
Snake:3:  layout_chambers, guppyfry_snake_island, minmay_shop_grove,
          uniq_vashnia, uniq_agnes
Snake:4:  grunt_snake_rune_pools, layout_layer_cave
Slime:1:  layout_caves, basic_altar, special_room [special_room_jelly]
Orc:1:    layout_diamond_mine, basic_altar
Orc:2:    st_orc_mages, layout_caves

Skill      XL: |  1  2  3  4  5  6  7  8  9 10 11 12 13 14 15 16 17 |
---------------+----------------------------------------------------+-----
Fighting       | 4 5 6 7 9 11 12 13 15 16 18 19 | 19.2
Armour         | 4 5 6 7 8 9 10 12 13 | 13.9
Shields        | 4 5 7 8 9 10 12 13 14 15 17 18 | 18.0
Long Blades    | 3 4 5 6 7 8 10 11 12 13 14 15 | 15.1
Dodging        | 1 2 3 4 5 6 7 8 |  8.9
Slings         | 1 4 7 8 9 10 11 12 | 12.1
Invocations    | 1 2 3 |  3.9
Evocations     | |  0.9

Action                   |  1- 3 |  4- 6 |  7- 9 | 10-12 | 13-15 | 16-18 || total
-------------------------+-------+-------+-------+-------+-------+-------++-------
Melee: Long sword        |    75 |   114 |    49 |       |       |       ||   238
       Headbutt          |    13 |    22 |    55 |   134 |   393 |   167 ||   784
       Flail             |       |       |    19 |       |       |       ||    19
       Falchion          |       |       |   182 |   500 |  1109 |   514 ||  2305
 Fire: Hunting sling     |       |       |    46 |   130 |   367 |   168 ||   711
Invok: Heroism           |       |       |       |     3 |    14 |    11 ||    28
       Finesse           |       |       |       |       |     5 |     6 ||    11
Evoke: Wand              |       |       |       |       |     9 |       ||     9
  Use: Scroll            |       |     7 |     7 |    11 |     8 |     9 ||    42
       Potion            |       |     1 |       |     5 |     4 |     7 ||    17
Armor: Scale mail        |    26 |    51 |    36 |    48 |       |       ||   161
       Leather armour    |       |       |    43 |    13 |       |       ||    56
       Acid dragon scale |       |       |       |    68 |    59 |    11 ||   138
       Crystal plate arm |       |       |       |       |   164 |   172 ||   336
Dodge: Dodged            |    12 |    33 |    99 |   161 |   188 |   132 ||   625
Block: Kite shield       |    31 |    66 |   143 |   369 |   802 |   447 ||  1858
       Reflection        |       |       |       |     6 |    49 |    70 ||   125
       Tower shield      |       |       |       |       |       |   196 ||   196
       Rpst.: Long sword |     1 |     5 |     4 |       |       |       ||    10
       Falchion          |       |       |    21 |    37 |    35 |    27 ||   120
